 Dungeon Crawl Stone Soup version 0.27.1-34-g3ba077fa99 (webtiles) character file.

Game seed: 6947574806645602543

27 Arum the Vexing (level 3, 24/27 HPs)
             Began as a Formicid Arcane Marksman on Jan 15, 2022.
             Quit the game on level 2 of the Dungeon.
             The game lasted 00:01:55 (1053 turns).

Arum the Vexing (Formicid Arcane Marksman)          Turns: 1053, Time: 00:01:56

Health: 24/27      AC:  6    Str: 14    XL:     3   Next: 25%
Magic:  5/5        EV: 12    Int: 12    God:
Gold:   41         SH:  0    Dex: 12    Spells: 4/5 levels left

rFire    . . .     SeeInvis +   (no weapon)
rCold    . . .     Faith    .   (no shield)
rNeg     . . .     Spirit   .   d - +0 robe
rPois    .         Reflect  .   (helmet unavailable)
rElec    .         Harm     .   (no cloak)
rCorr    .         Rampage  .   (no gloves)
Will     +....                  (no boots)
Stlth    +.........             (no amulet)
HPRegen  0.09/turn              b - +4 ring of protection
MPRegen  0.09/turn              k - ring of willpower

@: no status effects
A: permanent stasis, dig shafts and tunnels, antennae 3, four strong arms
a: Dig, Shaft Self


You were on level 2 of the Dungeon.
You visited 1 branch of the dungeon, and saw 2 of its levels.

You collected 41 gold pieces.

Inventory:

Hand Weapons
 a - a +0 hunting sling
Missiles
 c - 11 sling bullets
Armour
 d - a +0 robe (worn)
 h - a +0 buckler
Jewellery
 b - a +4 ring of protection (left hand)
 k - a ring of willpower (right hand)
Scrolls
 e - a scroll of teleportation {unknown}
 f - 4 scrolls of identify {unknown}
 g - a scroll of vulnerability {unknown}
 i - a scroll of torment {unknown}
 j - a scroll of amnesia {unknown}


   Skills:
 + Level 2.0 Fighting
 + Level 2.8 Slings
 - Level 1.7 Dodging
 + Level 1.9 Spellcasting
 - Level 3.6 Hexes


You had 4 spell levels left.
You knew the following spells:

 Your Spells              Type           Power      Damage    Failure   Level
a - Corona                Hex            10%        N/A       6%          1

Your spell library contained the following spells:

 Spells                   Type           Power      Damage    Failure   Level
 Slow                     Hex            9%         N/A       10%         2
 Inner Flame              Hex/Fire       5%         N/A       36%         3
 Portal Projectile        Hex/Tloc       10%        N/A       36%         3
 Cause Fear               Hex            4%         N/A       52%         4


Dungeon Overview and Level Annotations

Branches:
Dungeon (2/15)

Altars:


Innate Abilities, Weirdness & Mutations

You cannot be hasted, slowed, berserked, paralysed or teleported.
You can dig through walls and to a lower floor.
You have a pair of large antennae on your head. (SInv)
Your four strong arms can wield two-handed weapons with a shield.


Message History

No target in view!
No target in view!
No target in view!
No target in view!
No target in view!
Found an escape hatch in the ceiling.
You hit the hobgoblin but do no damage. The hobgoblin closely misses you.
You closely miss the hobgoblin. The hobgoblin hits you.
You barely miss the hobgoblin. The hobgoblin barely misses you.
You hit the hobgoblin.
The hobgoblin is heavily wounded.
The hobgoblin closely misses you.
You closely miss the hobgoblin.
The hobgoblin is heavily wounded.
The hobgoblin barely misses you.
You hit the hobgoblin but do no damage.
The hobgoblin is heavily wounded.
The hobgoblin hits you but does no damage.
You barely miss the hobgoblin.
The hobgoblin is heavily wounded.
The hobgoblin barely misses you.
You barely miss the hobgoblin.
The hobgoblin is heavily wounded.
The hobgoblin hits you but does no damage.
You closely miss the hobgoblin.
The hobgoblin is heavily wounded.
The hobgoblin misses you.
You barely miss the hobgoblin.
The hobgoblin is heavily wounded.
The hobgoblin closely misses you.
You hit the hobgoblin but do no damage.
The hobgoblin is heavily wounded.
The hobgoblin misses you.
You hit the hobgoblin.
The hobgoblin is severely wounded.
The hobgoblin hits you but does no damage.
You closely miss the hobgoblin.
The hobgoblin is heavily wounded.
The hobgoblin completely misses you.
Are you sure you want to abandon this character and quit the game? (Confirm with "yes".)

#. #.......#
#. ###.###.#
.. #.....# ##
#####..####
.[.#....<#
#.###.#.#####
#.......#
###..##...####
#.....g@.....#
..##......#.##
............#
.###....#####
.......
######.< ...
.###


You could see a hobgoblin.

Vanquished Creatures
  2 dart slugs (D:1)
  4 ball pythons
  2 endoplasms (D:1)
  A giant cockroach (D:1)
  4 jackals (D:2)
  A kobold (D:1)
  A quokka (D:1)
  3 bats (D:1)
  2 frilled lizards
  A rat (D:1)
21 creatures vanquished.

Notes
Turn   | Place    | Note
-------+----------+-------------------------------------------
     0 | D:1      | Arum the Formicid Arcane Marksman began the quest for the
                  | Orb.
     0 | D:1      | Reached XP level 1. HP: 15/15 MP: 2/2
   151 | D:1      | Reached XP level 2. HP: 21/21 MP: 4/4
   929 | D:2      | Reached XP level 3. HP: 27/27 MP: 5/5
  1053 | D:2      | Quit the game

Illustrated notes

Levels and vault maps discovered:
D:1:      sevenhm_arrival_forest_fort_large_2, layout_loops_ring
D:2:      layout_basic, shapermc_ecumenical_altar_notcrosses

Skill      XL: |  1  2  3 |
---------------+----------+-----
Fighting       | 2 |  2.0
Slings         | |  2.8
Dodging        | |  1.7
Spellcasting   | |  1.9
Hexes          | |  3.6

Action                   || total
-------------------------++-------
Melee: Unarmed           ||    22
 Fire: Hunting sling     ||    48
Armor: Robe              ||    17
Dodge: Dodged            ||    31
